 Dungeon Crawl Stone Soup version 0.29.0-4-gdea44cf6ec (webtiles) character file.

Game seed: 2211934287037110001

2705 qw the Grappler (level 9, 0/84 HPs)
             Began as a Troll Cinder Acolyte on Aug 31, 2022.
             Was a Priest of Ignis.
             Slain by a two-headed ogre
             ... wielding a +1 dire flail of venom
              (8 damage)
             ... on level 8 of the Dungeon.
             The game lasted 00:03:11 (6266 turns).

qw the Grappler (Troll Cinder Acolyte)              Turns: 6266, Time: 00:03:12

Health: 0/84       AC: 14    Str: 28    XL:     9   Next: 39%
Magic:  9/9        EV:  9    Int: 10    God:    Ignis [***...]
Gold:   385        SH:  0    Dex:  5    Spells: 10/10 levels left

rFire   + . .      SeeInvis .     - Unarmed
rCold   . . .      Faith    .   (no shield)
rNeg    . . .      Spirit   .   a - +0 robe
rPois   .          Reflect  .   (helmet restricted)
rElec   .          Harm     .   f - +2 cloak
rCorr   .          Rampage  .   (gloves unavailable)
Will    .....                   (boots unavailable)
Stlth   +.........              (no amulet)
HPRegen 1.04/turn               (no ring)
MPRegen 0.11/turn               (no ring)

@: lethally poisoned (0 -> -25), fiery-armoured
A: large, unfitting armour, claws 3, regeneration 1, shaggy fur 1, tough skin 1
a: Renounce Religion, Fiery Armour, Foxfire Swarm, Rising Flame


You were on level 8 of the Dungeon.
You worshipped Ignis.
Ignis was most pleased with you.
You visited 1 branch of the dungeon, and saw 8 of its levels.
You also visited: Ossuary.

You collected 385 gold pieces.


Innate Abilities, Weirdness & Mutations

You are too large for most types of armour.
You have claws for hands.
Your natural rate of healing is unusually fast.
You are covered in fur. (AC +1)
You have tough skin. (AC +1)


   Skills:
 - Level 4.2 Fighting
 - Level 3.2 Throwing
 - Level 1.0 Dodging
 + Level 11.8 Unarmed Combat
 - Level 1.0 Spellcasting
 - Level 2.1 Fire Magic


You had 10 spell levels left.
You didn't know any spells.
Your spell library contained the following spells:

 Spells                   Type           Power      Damage    Failure   Level
 Scorch                   Fire           8%         2d5       22%         2

Inventory:

Missiles
 k - a boomerang (quivered)
Armour
 a - a +0 robe (worn)
 f - a +2 cloak (worn)
 l - a +0 tower shield
Jewellery
 g - a ring of fire
 h - a ring of fire
Scrolls
 c - a scroll of identify
 i - a scroll of enchant armour
 j - 3 scrolls of teleportation
 q - a scroll of acquirement {unknown}
Potions
 b - a potion of cancellation
 d - 3 potions of might
 m - 5 potions of curing
 n - 2 potions of resistance
 o - a potion of mutation {unknown}
 p - a potion of brilliance {unknown}

Dungeon Overview and Level Annotations

Branches:
Dungeon (8/15)             Temple (0/1) D:4         Ossuary (visited)
   Lair: D:8-11

Altars:
Elyvilon
Fedhas
Kikubaaqudgha
Uskayaw

Annotations:
D:6 1 runed translucent door, qw's ghost, novice TeWr
D:8 2 runed translucent doors


Message History

A two-headed ogre comes into view.
It is wielding a +1 dire flail of venom and a +0 dire flail.
The two-headed ogre shouts in stereo!
You hear an angry hiss.
A water moccasin comes into view.
Throw: javelin
Press: ? - help, Q - select action, (/) - cycle Shift-Dir - straight line, f - two-headed ogre You throw a javelin.
The javelin pierces through the two-headed ogre!
The two-headed ogre is moderately wounded.
An orc comes into view. It is wielding a +0 short sword.
6262 ||| Stepping ~*~*~tactically~*~*~ (stealth).
You claw the two-headed ogre!
The two-headed ogre is heavily wounded.
The two-headed ogre hits you with a +1 dire flail of venom!!
You are poisoned.
The two-headed ogre hits you with a +0 dire flail!
The orc shouts!
You scratch the two-headed ogre.
The two-headed ogre is heavily wounded.
You feel sick.
You scratch the two-headed ogre. You claw the two-headed ogre.
The two-headed ogre is severely wounded.
You feel sick.
The two-headed ogre hits you with a +1 dire flail of venom!
The two-headed ogre barely misses you.
6266 ||| INVOKING Fiery Armour.
A protective cloak of flame settles atop you.
You feel sick. The water moccasin bites you.
You are more poisoned.
The water moccasin poisons you!
The water moccasin is burned by your cloak of flames.
The water moccasin is moderately wounded.
The water moccasin bites you.
The water moccasin is burned by your cloak of flames.
The water moccasin is moderately wounded.
The two-headed ogre hits you with a +1 dire flail of venom!!
You are more poisoned.
The two-headed ogre is burned by your cloak of flames.
The two-headed ogre is severely wounded.
The two-headed ogre hits you with a +0 dire flail!
You die...

#....+bssBs+....#
#....#.bBBs#....#
#....#######....#
#...............#
#...............#
########'########
# #.# ...
#####.#.##.....
.....oO@.......
...(..S........
#####.#.##+###+
#.#.. #.### o .
##


You could see a two-headed ogre, a water moccasin and an orc.

Vanquished Creatures
  2 yaks (D:8)
  A steam dragon (D:8)
  Menkaure (D:7)
  2 water moccasins
  Duvessa (D:4)
  An orc warrior (D:6)
  An ogre (D:5)
  2 centaurs
  A phantom (D:5)
  3 bullfrogs
  A scorpion (D:5)
  3 necrophages
  4 water moccasin zombies (Ossuary)
  Dowan (D:4)
  2 howler monkeys (D:7)
  2 jellies
  4 hounds
  4 orc priests
  3 iguanas
  2 orc wizards (D:7)
  2 mummies (Ossuary)
  4 gnolls (D:5)
  4 adders
  An ufetubus (D:5)
  An adder zombie (Ossuary)
  A worm (D:2)
  2 dart slugs
  25 orcs
  16 bats
  5 endoplasms
  6 giant cockroaches
  6 gnoll zombies (Ossuary)
  8 goblins
  9 hobgoblins
  5 jackals
  5 kobolds
  5 quokkas
  5 ball pythons
  2 frilled lizards (D:1)
  10 hobgoblin zombies (Ossuary)
  3 kobold zombies (Ossuary)
  5 orc zombies (Ossuary)
  3 rats
174 creatures vanquished.

Notes
Turn   | Place    | Note
-------+----------+-------------------------------------------
     0 | D:1      | qw the Troll Cinder Acolyte began the quest for the Orb.
     0 | D:1      | Reached XP level 1. HP: 22/22 MP: 1/1
     0 | D:1      | 0 ||| qw: Version: 0.1-a-97-g2dd2ca4
     0 | D:1      | 0 ||| qw: Game counter: 4515
     0 | D:1      | 0 ||| qw: Always use a shield: true
     0 | D:1      | 0 ||| qw: God list: Okawaru
     0 | D:1      | 0 ||| qw: Allow faded altars: false
     0 | D:1      | 0 ||| qw: Do Orc after D:15 true
     0 | D:1      | 0 ||| qw: Do second Lair branch before Depths: true
     0 | D:1      | 0 ||| qw: Lair rune preference: random
     0 | D:1      | 0 ||| qw: Plans: Normal
     0 | D:1      | 0 ||| PLANNING D:1-11
   128 | D:1      | Reached XP level 2. HP: 29/29 MP: 2/2
   156 | D:1      | 156 ||| Stepping ~*~*~tactically~*~*~ (hiding).
   361 | D:1      | Found a faded altar of an unknown god.
   451 | D:1      | Reached skill level 4 in Unarmed Combat
   533 | D:1      | 533 ||| UPGRADING to +2 cloak.
   538 | D:1      | 538 ||| READING scroll labelled VUBA RAAMA.
   639 | D:1      | 639 ||| READING scroll labelled TIM ETAHIAFA.
   640 | D:1      | 640 ||| READING scroll labelled PUUNEI PY PEUFF.
   721 | D:2      | Reached XP level 3. HP: 36/36 MP: 3/3
   782 | D:2      | 782 ||| Stepping ~*~*~tactically~*~*~ (stealth).
   783 | D:2      | 783 ||| Stepping ~*~*~tactically~*~*~ (stealth).
   906 | D:2      | Found an ancient bone altar of Kikubaaqudgha.
   946 | D:2      | 946 ||| Stepping ~*~*~tactically~*~*~ (stealth).
  1353 | D:2      | 1353 ||| READING scroll labelled BARE GAEXOSEA.
  1354 | D:2      | 1354 ||| READING scroll labelled ROSTRYABI QUCO.
  1359 | D:2      | 1359 ||| READING 3 scrolls labelled WEPA SANOMEXZO.
  1360 | D:2      | 1360 ||| DRINKING 2 ruby potions.
  1465 | D:2      | 1465 ||| READING 2 scrolls of identify.
  1465 | D:2      | 1465 ||| IDENTIFYING murky white potion
  1466 | D:2      | 1466 ||| DROPPING potion of berserk rage.
  1557 | D:3      | 1557 ||| Stepping ~*~*~tactically~*~*~ (stealth).
  1561 | D:3      | Reached XP level 4. HP: 44/44 MP: 4/4
  1570 | D:3      | Found the ring of Shadows {Umbra +Inv Stlth+}
  1604 | D:3      | Reached skill level 5 in Unarmed Combat
  1606 | D:3      | Found a white marble altar of Elyvilon.
  1685 | D:3      | 1685 ||| Stepping ~*~*~tactically~*~*~ (stealth).
  1688 | D:3      | 1688 ||| Stepping ~*~*~tactically~*~*~ (stealth).
  1690 | D:3      | 1690 ||| Stepping ~*~*~tactically~*~*~ (hiding).
  1787 | D:3      | 1787 ||| Stepping ~*~*~tactically~*~*~ (stealth).
  1793 | D:3      | 1793 ||| Stepping ~*~*~tactically~*~*~ (stealth).
  1880 | D:3      | 1880 ||| Stepping ~*~*~tactically~*~*~ (stealth).
  1887 | D:3      | 1887 ||| Stepping ~*~*~tactically~*~*~ (outnumbered).
  2198 | D:3      | 2198 ||| READING scroll labelled ZIAVYNAIWA.
  2199 | D:3      | 2199 ||| READING scroll labelled GUEZXA QUJIT.
  2200 | D:3      | 2200 ||| READING 3 scrolls of identify.
  2200 | D:3      | 2200 ||| IDENTIFYING dark potion
  2201 | D:3      | 2201 ||| READING 2 scrolls of identify.
  2201 | D:3      | 2201 ||| IDENTIFYING cyan potion
  2202 | D:3      | 2202 ||| DROPPING potion of flight.
  2257 | D:4      | 2257 ||| PLANNING OSSUARY
  2292 | D:4      | Reached XP level 5. HP: 44/50 MP: 5/5
  2401 | D:4      | Found a sand-covered staircase.
  2402 | D:4      | 2402 ||| DRINKING 2 fizzy green potions.
  2410 | Ossuary  | Entered an ossuary
  2447 | Ossuary  | Reached skill level 6 in Unarmed Combat
  2514 | Ossuary  | Reached XP level 6. HP: 59/59 MP: 6/6
  2533 | Ossuary  | Reached skill level 7 in Unarmed Combat
  2608 | Ossuary  | 2608 ||| DRINKING 3 blue potions.
  2609 | Ossuary  | 2609 ||| DRINKING 2 coppery potions.
  2643 | Ossuary  | 2643 ||| READING 3 scrolls of identify.
  2643 | Ossuary  | 2643 ||| IDENTIFYING fizzy grey potion
  2644 | Ossuary  | 2644 ||| READING 2 scrolls of identify.
  2644 | Ossuary  | 2644 ||| IDENTIFYING fuming inky potion
  2645 | Ossuary  | 2645 ||| DROPPING 2 potions of degeneration.
  2646 | Ossuary  | 2646 ||| DROPPING potion of invisibility.
  2647 | Ossuary  | 2647 ||| DROPPING potion of attraction.
  2648 | Ossuary  | 2648 ||| DROPPING potion of lignification.
  2656 | D:4      | 2656 ||| PLANNING D:1-11
  2712 | D:4      | 2712 ||| Stepping ~*~*~tactically~*~*~ (outnumbered).
  2837 | D:4      | 2837 ||| Stepping ~*~*~tactically~*~*~ (stealth).
  2857 | D:4      | Found a staircase to the Ecumenical Temple.
  2873 | D:4      | 2873 ||| Stepping ~*~*~tactically~*~*~ (stealth).
  2878 | D:4      | Reached skill level 1 in Throwing
  2891 | D:4      | Noticed Duvessa
  2892 | D:4      | 2892 ||| INVOKING Fiery Armour.
  2894 | D:4      | Noticed Dowan
  2895 | D:4      | 2895 ||| Stepping ~*~*~tactically~*~*~ (hiding).
  2897 | D:4      | Reached XP level 7. HP: 57/66 MP: 7/7
  2899 | D:4      | 2899 ||| Stepping ~*~*~tactically~*~*~ (outnumbered).
  2900 | D:4      | 2900 ||| Stepping ~*~*~tactically~*~*~ (outnumbered).
  2901 | D:4      | 2901 ||| Stepping ~*~*~tactically~*~*~ (outnumbered).
  2915 | D:4      | Killed Duvessa
  2916 | D:4      | Reached skill level 8 in Unarmed Combat
  2920 | D:4      | Killed Dowan
  3025 | D:4      | 3025 ||| Stepping ~*~*~tactically~*~*~ (hiding).
  3129 | D:4      | Reached skill level 3 in Fighting
  3143 | D:4      | 3143 ||| Stepping ~*~*~tactically~*~*~ (stealth).
  3407 | D:4      | 3407 ||| READING scroll labelled ULAIRI XIFABEO.
  3408 | D:4      | 3408 ||| READING 3 scrolls of identify.
  3408 | D:4      | 3408 ||| IDENTIFYING yellow potion
  3409 | D:4      | 3409 ||| READING 2 scrolls of identify.
  3409 | D:4      | 3409 ||| IDENTIFYING metallic pink potion
  3410 | D:4      | 3410 ||| DROPPING potion of magic.
  3430 | D:5      | Entered Level 5 of the Dungeon
  3454 | D:5      | 3454 ||| Stepping ~*~*~tactically~*~*~ (stealth).
  3456 | D:5      | 3456 ||| Stepping ~*~*~tactically~*~*~ (hiding).
  3652 | D:5      | Reached skill level 9 in Unarmed Combat
  3711 | D:5      | Reached skill level 1 in Dodging
  3711 | D:5      | 3711 ||| Stepping ~*~*~tactically~*~*~ (hiding).
  3716 | D:5      | Reached XP level 8. HP: 73/75 MP: 8/8
  4117 | D:5      | 4117 ||| READING scroll labelled UTIDOC RIMPYTE.
  4118 | D:5      | 4118 ||| READING 2 scrolls of teleportation.
  4169 | D:6      | 4169 ||| Stepping ~*~*~tactically~*~*~ (hiding).
  4172 | D:6      | 4172 ||| Stepping ~*~*~tactically~*~*~ (hiding).
  4319 | D:6      | 4319 ||| INVOKING Fiery Armour.
  4322 | D:6      | HP: 17/75 [necrophage (5)]
  4323 | D:6      | 4323 ||| READING scroll of teleportation.
  4327 | D:6      | HP: 14/75 [poisoned by a water moccasin]
  4467 | D:6      | 4467 ||| INVOKING Fiery Armour.
  4470 | D:6      | HP: 14/75 [orc warrior/+1 glaive of protection (14)]
  4472 | D:6      | Reached skill level 10 in Unarmed Combat
  4641 | D:6      | Found a runed translucent door.
  4641 | D:6      | Noticed qw's ghost (novice TeWr)
  4878 | D:6      | 4878 ||| Stepping randomly (stuck).
  4965 | D:7      | 4965 ||| INVOKING Fiery Armour.
  5311 | D:7      | 5311 ||| Stepping ~*~*~tactically~*~*~ (hiding).
  5312 | D:7      | 5312 ||| Stepping ~*~*~tactically~*~*~ (hiding).
  5320 | D:7      | 5320 ||| INVOKING Fiery Armour.
  5343 | D:7      | Reached XP level 9. HP: 84/84 MP: 9/9
  5533 | D:7      | Noticed Menkaure
  5534 | D:7      | 5534 ||| Stepping ~*~*~tactically~*~*~ (hiding).
  5537 | D:7      | 5537 ||| Stepping ~*~*~tactically~*~*~ (hiding).
  5542 | D:7      | Killed Menkaure
  5543 | D:7      | Reached skill level 11 in Unarmed Combat
  5882 | D:7      | Found a hide-covered altar of Uskayaw.
  6057 | D:8      | Reached skill level 3 in Throwing
  6148 | D:8      | 6148 ||| Stepping ~*~*~tactically~*~*~ (stealth).
  6170 | D:8      | Found a blossoming altar of Fedhas.
  6232 | D:8      | Found a runed translucent door.
  6236 | D:8      | Found a runed translucent door.
  6260 | D:8      | Noticed a two-headed ogre
  6262 | D:8      | 6262 ||| Stepping ~*~*~tactically~*~*~ (stealth).
  6266 | D:8      | 6266 ||| INVOKING Fiery Armour.
  6266 | D:8      | HP: 8/84 [two-headed ogre/+1 dire flail of venom (20)]
  6266 | D:8      | Slain by a two-headed ogre

Levels and vault maps discovered:
D:1:      psy_arrival_statuary, layout_basic, ebering_ecumenical_altar_box
D:2:      layout_loops_ring, basic_altar, minmay_misc_feat_cross,
          minmay_crystal_water
D:3:      layout_loops_ring, elyvilon_altar_3
D:4:      nicolae_cairo_tiling, layout_loops_ring,
          minmay_temple_entry_statues_pillars, enter_ossuary_3, roderic_batcave,
          uniq_duvessa
D:5:      layout_basic
D:6:      layout_cave_pools, hellmonk_ghost_happy_afterlife
D:7:      layout_loops_corners, nicolae_uskayaw_suspiria, uniq_menkaure,
          uniq_crazy_yiuf_cottage
D:8:      lemuel_insect_pit, layout_loops_ring, nicolae_overflow_squiral,
          mainiacjoe_overflow_six_doors_small, ashenzari_conservatory_becter,
          lemuel_tele_altar, david_lair_shrubbed,
          nicolae_elevator_lobby_asterisk, uniq_maurice

Skill      XL: |  1  2  3  4  5  6  7  8  9 |
---------------+----------------------------+-----
Unarmed Combat | 4 5 6 7 9 10 11 | 11.8
Throwing       | 1 2 3 |  3.2
Fighting       | 3 4 |  4.2
Dodging        | 1 |  1.0
Spellcasting   | |  1.0
Fire Magic     | |  2.1

Action                   |  1- 3 |  4- 6 |  7- 9 || total
-------------------------+-------+-------+-------++-------
Melee: Unarmed           |   100 |   202 |   171 ||   473
       Punch             |     1 |       |     4 ||     5
Throw: Javelin           |       |     5 |    30 ||    35
Invok: Fiery Armour      |       |     1 |     5 ||     6
  Use: Scroll            |     7 |     6 |     6 ||    19
       Potion            |     1 |     3 |       ||     4
Armor: Robe              |    39 |    66 |    54 ||   159
Dodge: Dodged            |    39 |    69 |    55 ||   163

Table legend:
 A = Non-vault XP
 B = Vault XP
 C = Vault XP percentage of total XP
 D = Non-vault monster count
 E = Vault monster count
 F = Vault count percentage of total count
                 A         B        C        D         E       F
            +---------+---------+-------+---------+---------+-------
      Total |    3079 |     786 |  20.3 |     132 |      42 |  24.1
            +---------+---------+-------+---------+---------+-------
        D:1 |      31 |       0 |   0.0 |      16 |       0 |   0.0
        D:2 |      50 |       0 |   0.0 |      19 |       0 |   0.0
        D:3 |     105 |       0 |   0.0 |      28 |       0 |   0.0
        D:4 |     265 |     219 |  45.2 |      22 |      10 |  31.2
        D:5 |     528 |       0 |   0.0 |      10 |       0 |   0.0
        D:6 |     590 |       0 |   0.0 |      13 |       0 |   0.0
        D:7 |     728 |     175 |  19.4 |      19 |       1 |   5.0
        D:8 |     782 |       0 |   0.0 |       5 |       0 |   0.0
    Ossuary |       0 |     392 | 100.0 |       0 |      31 | 100.0
            +---------+---------+-------+---------+---------+-------
